AoeStats
← BOCANEGRA

Arena

506933709Analyzed
1v1 RM · 17d ago on Sep 15, 2026· 32m 19s· 2 players
Game mode
Random Map
Map size
Tiny (2 player)
Population
200
Speed
Normal
Resources
Standard
Victory
Conquest
Starting age
Dark Age
Ending age
Imperial Age
RankedLock teamsTeams togetherTeam positionsShared explorationLock speedFull tech treeHidden civsTurbo modeCheats
Victory
Defeat
🇦🇷 Lithuanians · Argentina
883
+16
🇪🇸 Lithuanians · Spain
876
-16
coen.hendriks
5:05 Loom
13:19 Feudal Age
15:52 Bloodlines
17:51 Castle Age
15:56 Double-Bit Axe
15:59 Horse Collar
16:40 Stone Mining
17:33 Gold Mining
18:46 Heavy Plow
20:43 Pikeman
26:22 Atonement
28:09 Fletching
29:37 Bodkin Arrow
BOCANEGRA
10:16 Feudal Age
9:38 Loom
15:47 Castle Age
13:59 Double-Bit Axe
14:55 Horse Collar
17:41 Fervor
19:11 Bloodlines
20:55 Heavy Plow
24:07 Fletching
24:17 Padded Archer Armor
26:03 Husbandry
27:12 Stone Mining
32:03 Hill Forts
Connection lost

Rejoining the realm…

Still unreachable

The connection could not be restored.

Session expired

The server has moved on; the page needs a fresh start.